 Dungeon Crawl Stone Soup version 0.31-a0-198-g2ad674f65e (webtiles) character file.

Game seed: 9429467964862127313

259 qw the Skirmisher (level 5, -1/27 (30) HPs)
             Began as a Deep Elf Hunter on June 25, 2023.
             Slain by Terence
             ... wielding the +7 Throatcutter {drain, coup de grace}
              (5 damage)
             ... on level 3 of the Dungeon.
             The game lasted 00:01:04 (2090 turns).

qw the Skirmisher (Deep Elf Hunter)                 Turns: 2090, Time: 00:01:05

HP:   -1/27 (30)    AC:  3    Str: 10    XL:     5   Next: 94%
MP:   7/7           EV: 12    Int: 14    God:
Gold: 127           SH:  0    Dex: 18    Spells: 4/4 levels left

rFire   . . .        Y - +0 shortbow
rCold   + . .        (shield currently unavailable)
rNeg    . . .        c - +0 leather armour
rPois   .            (no helmet)
rElec   .            (no cloak)
rCorr   .            (no gloves)
SInv    .            (no boots)
Will    .....        (no amulet)
Stlth   ++           f - ring of protection from cold
HPRegen 0.24/turn    (no ring)
MPRegen 0.10/turn

%: no passive effects
@: heavily drained
A: no striking features
a: no special abilities


You were on level 3 of the Dungeon.
You visited 1 branch of the dungeon, and saw 3 of its levels.

You collected 127 gold pieces.


   Skills:
 - Level 2.1 Fighting
 + Level 9.1 Ranged Weapons
 - Level 3.0 Dodging
 - Level 1.2 Stealth


You had 4 spell levels left.
You didn't know any spells.
Your spell library was empty.

Inventory:

Hand Weapons
 Y - a +0 shortbow (weapon)
Armour
 c - a +0 leather armour (worn)
 g - a +0 helmet
 h - a +0 ring mail
Jewellery
 b - a ring of protection from fire
 f - a ring of protection from cold (left hand)
 i - a +4 ring of protection
Scrolls
 a - 3 scrolls of identify
 d - a scroll of vulnerability {unknown}
 e - a scroll of teleportation
 j - a scroll of poison {unknown}
 k - a scroll of enchant weapon {unknown}

Dungeon Overview and Level Annotations

Branches:
Dungeon (3/15)

Altars:

Annotations:
D:3 3 runed translucent doors, Terence; qw's ghost, weakling DEHu


Message History

The kobold hits something with a +0 club.
The kobold hits the fungus with a +0 short sword.
The kobold hits the fungus with a +0 club.
The kobold hits the fungus with a +0 club.
The kobold hits the fungus with a +0 short sword.
Found a stone staircase leading up.
A nearby fungus withers and dies.
Enter note:
Enter note:
Enter note:
Enter note: You now have 127 gold pieces (gained 7).
Terence and an endoplasm come into view.
Terence is wielding the +7 Throatcutter {drain, coup de grace}.
The endoplasm quivers.
Enter note:
Enter note:
Enter note:
Enter note: You shoot an arrow.
The arrow hits the endoplasm.
You kill the endoplasm!
You shoot an arrow.
The arrow hits Terence but does no damage.
Terence shouts!
You shoot an arrow. The arrow hits Terence.
Terence is lightly wounded.
You shoot an arrow. The arrow hits Terence.
Terence is moderately wounded.
You shoot an arrow. The arrow hits Terence.
Terence is heavily wounded.
Terence drinks a potion.
Terence flickers and vanishes!
Deactivating autopickup; reactivate with Ctrl-A.
You shoot an arrow. You shoot an arrow. You shoot an arrow. You shoot an arrow.
You shoot an arrow. Something hits you!
You feel drained.
You shoot an arrow. Something hits you!
You feel drained.
You die...

#.........#
#..8.}.8..#
#.........#
####..}._.}..#
.............########
#..8.}.8..........
#........###(...##
#.##.......+......
#@##...#####.....#
#.....<{#...##K
##....#
#######.....#KK..
##...# #..#..+K###
#.... #..#..+WK #####
#..#..+K## #.... #..#
##### ....


There were no monsters in sight!

Vanquished Creatures
  A hound (D:2)
  Ijyb (D:2)
  Jessica (D:3)
  Natasha (twice) (D:2)
  Robin (D:3)
  2 adders
  A dart slug (D:2)
  2 orcs (D:3)
  9 endoplasms
  4 giant cockroaches
  12 goblins
  11 hobgoblins
  9 jackals
  6 kobolds
  A quokka (D:1)
  8 ball pythons
  8 bats
  6 rats
85 creatures vanquished.

Notes
Turn   | Place    | Note
-------+----------+-------------------------------------------
     0 | D:1      | qw the Deep Elf Hunter began the quest for the Orb.
     0 | D:1      | Reached XP level 1. HP: 12/12 MP: 3/3
     0 | D:1      | 0 ||| qw: Version: 0.3-a-22-g0ed2b0b
     0 | D:1      | 0 ||| qw: Game counter: 4932
     0 | D:1      | 0 ||| qw: Melee chars always use a shield: true
     0 | D:1      | 0 ||| qw: God list: Okawaru
     0 | D:1      | 0 ||| qw: Allow faded altars: false
     0 | D:1      | 0 ||| qw: Do Orc after clearing Dungeon:15 true
     0 | D:1      | 0 ||| qw: Do second Lair branch before Depths: true
     0 | D:1      | 0 ||| qw: Lair rune preference: random
     0 | D:1      | 0 ||| qw: Goals: Normal
     0 | D:1      | 0 ||| PLANNING D:1-11
   257 | D:1      | Reached XP level 2. HP: 16/16 MP: 4/4
   257 | D:1      | 257 ||| READING 2 scrolls labelled POLIUKANG RIEJ.
   258 | D:1      | 258 ||| DROPPING scroll of butterflies.
   262 | D:1      | Reached skill level 6 in Ranged Weapons
   460 | D:1      | You fall into a shaft and drop 1 floor!
   503 | D:2      | 503 ||| FLEEEEING.
   504 | D:2      | 504 ||| FLEEEEING.
   505 | D:2      | 505 ||| STAIRDANCE
   749 | D:1      | Reached XP level 3. HP: 20/20 MP: 5/5
   864 | D:1      | 864 ||| UPGRADING to ring of protection from cold.
   865 | D:1      | 865 ||| READING scroll labelled RUEHUU UZYQ.
   866 | D:1      | 866 ||| READING scroll labelled MIRU NUUBEMMIOMP.
   870 | D:1      | 870 ||| READING 2 scrolls of identify.
   870 | D:1      | 870 ||| IDENTIFYING ruby potion
   871 | D:1      | 871 ||| DROPPING potion of ambrosia.
   916 | D:2      | Reached skill level 7 in Ranged Weapons
   923 | D:2      | Reached XP level 4. HP: 18/25 MP: 6/6
  1257 | D:2      | Noticed Natasha
  1268 | D:2      | Killed Natasha
  1269 | D:2      | Reached skill level 8 in Ranged Weapons
  1447 | D:2      | 1447 ||| READING scroll labelled UFESUSUTWANG.
  1448 | D:2      | 1448 ||| READING scroll labelled RUASAECRIO.
  1461 | D:2      | Noticed Natasha
  1469 | D:2      | Killed Natasha
  1470 | D:2      | Reached XP level 5. HP: 11/29 MP: 7/7
  1564 | D:3      | Noticed Ijyb
  1570 | D:3      | 1570 ||| STAIRDANCE
  1607 | D:3      | 1607 ||| STAIRDANCE
  1620 | D:2      | 1620 ||| FLEEEEING.
  1621 | D:2      | 1621 ||| FLEEEEING.
  1622 | D:2      | 1622 ||| FLEEEEING.
  1623 | D:2      | 1623 ||| FLEEEEING.
  1624 | D:2      | 1624 ||| STAIRDANCE
  1700 | D:2      | Killed Ijyb
  1806 | D:3      | Noticed Robin
  1812 | D:3      | 1812 ||| Stepping ~*~*~tactically~*~*~ (outnumbered).
  1823 | D:3      | Killed Robin
  1824 | D:3      | Reached skill level 9 in Ranged Weapons
  1954 | D:3      | Reached skill level 3 in Dodging
  1955 | D:3      | 1955 ||| FLEEEEING.
  1993 | D:3      | Noticed Jessica
  1999 | D:3      | Killed Jessica
  2059 | D:3      | 2059 ||| PLANNING D:1-11
  2061 | D:3      | Found a faded altar of an unknown god.
  2070 | D:3      | Found a runed translucent gate.
  2070 | D:3      | Found a runed translucent gate.
  2070 | D:3      | Found a runed translucent gate.
  2071 | D:3      | Noticed qw's ghost (weakling DEHu)
  2079 | D:3      | Noticed Terence
  2090 | D:3      | HP: 4/29 [something (13)]
  2090 | D:3      | Slain by Terence

Levels and vault maps discovered:
D:1:      shiori_arrival_oz, layout_basic, serial_glass, glass_columns_a,
          glass_columns_c, serial_park_tiny_1, kennysheep_doodads
D:2:      layout_basic, grunt_ministairs_8, wad_floor_pattern_1, uniq_natasha
D:3:      layout_basic, nicolae_yredelemnul_corpse_copse,
          hellmonk_ecumenical_altar_dog_temple, gammafunk_ghost_nasty_kobolds,
          grunt_ministairs_2, uniq_ijyb, uniq_terence, uniq_robin, uniq_jessica

Skill      XL: |  1  2  3  4  5 |
---------------+----------------+-----
Ranged Weapons | 6 7 8 9 |  9.1
Dodging        | 3 |  3.0
Fighting       | 2 |  2.1
Stealth        | |  1.2

Action                     |  1- 3 |  4- 6 || total
---------------------------+-------+-------++-------
   Fire: Shortbow          |    93 |   168 ||   261
    Use: Scroll            |     4 |     2 ||     6
 Armour: Leather armour    |     9 |     6 ||    15
  Dodge: Dodged            |    26 |    22 ||    48

Table legend:
 A = Non-vault XP
 B = Vault XP
 C = Vault XP percentage of total XP
 D = Non-vault monster count
 E = Vault monster count
 F = Vault count percentage of total count
                 A         B        C        D         E       F
            +---------+---------+-------+---------+---------+-------
      Total |     197 |     173 |  46.8 |      63 |      22 |  25.9
            +---------+---------+-------+---------+---------+-------
        D:1 |      33 |       4 |  10.8 |      19 |       2 |   9.5
        D:2 |     116 |      89 |  43.4 |      24 |       4 |  14.3
        D:3 |      48 |      80 |  62.5 |      20 |      16 |  44.4
            +---------+---------+-------+---------+---------+-------
